Map: Ley Lines

Players

PathOfExile

  • Race: Zerg Zerg
  • League: Diamond
  • Spawn Location: 1:00

KimChiStew - Winner!

  • Race: Terran Terran
  • League: Master
  • Spawn Location: 7:00

VOD

Have the link to the VOD?

Description

Time

  • Played on: Oct. 29, 2025, 8:18 p.m.
  • Length: 10:35
Show
View Real Time Build Order
Export as new Build Order

PathOfExile Zerg 

Build Orders: Pool First 

Get SALT Encoding   

  12  0:01  Drone  
  13  0:14  Overlord  
  13  0:19  Drone  
  14  0:34  Drone x2  
  16  0:38  Drone  
  17  0:49  Spawning Pool  
  16  0:50  Drone  
  16  0:53  Extractor  
  16  0:58  Drone  
  17  1:08  Drone  
  18  1:20  Hatchery  
  17  1:29  Drone  
  18  1:37  Queen  
  18  1:39  Zergling x2  
  21  1:45  Overlord  
  21  1:51  Drone  
  22  2:04  Drone  
  23  2:12  Metabolic Boost  
  23  2:16  Queen  
  24  2:30  Drone  
  24  2:32  Drone  
  24  2:34  Queen  
  28  2:52  Hatchery  
  28  2:53  Drone x2  
  29  3:15  Drone x6  
  29  3:18  Overlord  
  35  3:27  Overlord  
  35  3:36  Queen  
  35  3:40  Zergling x2  
  35  3:41  Zergling x2  
  39  3:46  Drone x5  
  44  3:57  Lair  
  44  4:08  Queen  
  46  4:10  Drone x7  
  46  4:16  Queen  
  54  4:23  Drone  
  54  4:24  Roach Warren  
  54  4:25  Drone  
  54  4:28  Drone x2  
  54  4:29  Extractor  
  54  4:30  Drone  
  56  4:43  Extractor  
  56  4:44  Extractor  
  54  4:48  Queen  
  56  5:04  Evolution Chamber x2, Baneling Nest  
  56  5:06  Drone x3  
  56  5:07  Drone  
  56  5:08  Drone  
  58  5:26  Overlord  
  58  5:27  Overlord x3  
  58  5:33  Overseer  
  58  5:38  Zerg Melee Weapons Level 1  
  58  5:39  Zerg Ground Armor Level 1  
  58  5:44  Queen  
  58  5:48  Zergling x2  
  58  5:49  Zergling x26  
  74  6:11  Centrifugal Hooks  
  74  6:14  Infestation Pit  
  73  6:19  Drone x9  
  73  6:20  Hatchery  
  73  6:24  Baneling x6  
  81  6:57  Hatchery  
  81  6:58  Drone x2  
  81  6:59  Hatchery, Drone  
  82  7:03  Extractor  
  82  7:05  Extractor  
  80  7:20  Overseer  
  78  7:45  Spore Crawler  
  78  7:49  Pneumatized Carapace  
  77  7:52  Zerg Melee Weapons Level 2, Zerg Ground Armor Level 2  
  77  7:54  Hive  
  77  8:14  Hatchery x2  
  75  8:26  Zergling x2  
  79  8:27  Zergling x36  
  79  8:28  Overlord  
  79  8:29  Overlord x12  
  79  8:31  Overseer  
  79  8:34  Overseer  
  94  8:47  Drone x3  
  97  8:48  Drone x2  
  97  8:49  Drone  
  97  8:51  Drone x7  
  107  9:02  Zergling x2  
  108  9:03  Zergling x8  
  113  9:14  Zergling x2  
  113  9:15  Zergling x16  
  120  9:17  Baneling  
  120  9:18  Baneling x4  
  119  9:28  Zergling x14  
  119  9:29  Zergling x2  
  112  9:40  Zergling x8  
  112  9:41  Zergling x10  
  70  10:03  Baneling  
  70  10:04  Baneling x13  
  54  10:14  Ultralisk Cavern  
Show
View Real Time Build Order
Export as new Build Order

KimChiStew Terran - Winner!

Build Orders: Reaper Expand 

Get SALT Encoding   

  12  0:00  SCV  
  13  0:13  SCV  
  14  0:18  Supply Depot  
  14  0:25  SCV  
  15  0:39  SCV  
  15  0:41  Barracks  
  16  0:46  Refinery  
  16  0:51  SCV  
  17  1:04  SCV  
  18  1:16  SCV  
  19  1:28  Orbital Command  
  19  1:29  Reaper  
  20  1:40  Command Center  
  20  1:50  Supply Depot  
  20  1:55  SCV  
  20  2:01  Marine  
  21  2:07  SCV  
  23  2:14  Factory  
  23  2:19  SCV, Refinery  
  24  2:37  Supply Depot  
  24  2:41  SCV  
  24  2:43  Barracks Reactor  
  25  2:52  Orbital Command  
  25  2:53  SCV  
  25  2:56  Bunker  
  26  3:00  Starport  
  27  3:05  SCV  
  27  3:06  Hellion  
  29  3:17  SCV  
  30  3:26  SCV  
  31  3:28  Barracks Tech Lab  
  31  3:29  SCV  
  32  3:38  SCV  
  32  3:39  Hellion x2  
  37  3:42  SCV  
  38  3:50  SCV, Supply Depot  
  39  4:01  Hellion x2  
  39  4:02  SCV, Cloaking Field  
  44  4:06  Marine  
  46  4:10  SCV  
  46  4:14  SCV  
  47  4:18  Supply Depot  
  47  4:26  SCV  
  47  4:28  Banshee  
  51  4:32  Factory Reactor  
  51  4:37  Barracks  
  51  4:38  SCV  
  52  4:39  SCV, Barracks  
  52  4:42  Engineering Bay  
  52  4:43  Supply Depot  
  53  4:52  SCV x2  
  55  4:55  Command Center  
  55  4:56  Engineering Bay  
  55  5:01  Refinery  
  55  5:03  Refinery  
  55  5:04  SCV  
  55  5:05  SCV  
  57  5:08  Marine  
  57  5:09  Marine  
  57  5:10  Banshee  
  62  5:25  SCV  
  62  5:28  Terran Infantry Armor Level 1, Terran Infantry Weapons Level 1  
  63  5:35  Missile Turret  
  63  5:37  SCV, Missile Turret  
  63  5:39  Supply Depot  
  63  5:40  Missile Turret  
  63  5:41  SCV  
  65  5:45  Missile Turret  
  65  5:49  SCV  
  66  5:52  Barracks Reactor  
  66  5:53  Marine x2  
  66  5:55  Barracks Tech Lab  
  68  6:01  SCV  
  69  6:04  Medivac x2  
  69  6:05  Siege Tank  
  69  6:09  Orbital Command  
  76  6:13  SCV  
  76  6:17  Stimpack  
  77  6:19  Marine x2  
  77  6:24  Barracks  
  79  6:26  SCV x2  
  79  6:27  Barracks  
  81  6:34  Medivac  
  81  6:35  Armory  
  81  6:37  Siege Tank  
  86  6:42  Medivac  
  88  6:47  Marine x2  
  88  6:48  Marine x2  
  92  6:58  Orbital Command  
  92  7:04  SCV, Medivac  
  92  7:05  SCV  
  96  7:11  Supply Depot  
  96  7:12  Supply Depot  
  96  7:13  Supply Depot x2  
  96  7:16  SCV  
  96  7:17  SCV  
  98  7:23  Marine x3  
  101  7:33  Marine x2  
  101  7:34  Barracks Reactor  
  103  7:38  Barracks Reactor  
  103  7:41  Marine x3  
  106  7:51  Marine x2, Siege Tank  
  111  7:56  Combat Shield  
  111  7:59  Marine x3  
  114  8:08  Marine x2  
  114  8:09  Medivac x2  
  120  8:16  Marine  
  120  8:17  Marine x2  
  120  8:18  SCV x3  
  126  8:20  Refinery  
  126  8:21  Refinery  
  126  8:23  Siege Tank  
  126  8:24  Supply Depot  
  126  8:26  Supply Depot  
  129  8:30  SCV x2  
  129  8:31  Marine x2  
  133  8:46  Marine x7, SCV  
  141  8:48  Marine  
  141  8:49  Marine  
  141  8:55  Command Center, Siege Tank  
  146  9:03  Marine x3  
  149  9:24  Marine x4  
  149  9:27  Siege Tank  
  149  9:45  Marine x9  
  139  9:56  Medivac x2  
  139  9:59  Siege Tank  
  146  10:03  Marine x3  
  146  10:07  Marine x6  
Tags
 
Add a new tag
Caveats
  • Supply blocks, unpowered buildings, or Contaminate may cause inaccurate times.
  • Supply counts are checked every 10 seconds.